 Dungeon Sprint DCSS version 0.27-a0-1572-gacd6f1ce93 (webtiles) character file.

Game seed: 6784034377365176165

2858 Conn the Arsonist (level 9, -9/51 HPs)
             Began as an Octopode Fire Elementalist on July 17, 2021.
             Was a High Priest of Sif Muna.
             Killed from afar by a deep elf knight (21 damage)
             ... with a lance of force
             ... in the Dungeon (Sprint III: "The Ten Rune Challenge").
             The game lasted 00:18:45 (2837 turns).

Conn the Arsonist (Octopode Fire Elementalist)      Turns: 2837, Time: 00:18:46

Health: -9/51      AC:  1    Str:  7    XL:     9   Next: 75%
Magic:  2/23       EV: 14    Int: 21    God:    Sif Muna [*****.]
Gold:   2143       SH:  0    Dex: 12    Spells: 5/29 levels left

rFire    . . .     SeeInvis .   l - +2 dire flail (protect)
rCold    . . .     Faith    .   (shield currently unavailable)
rNeg     . . .     Spirit   .   (helmet restricted)
rPois    .         Reflect  .   (no amulet)
rElec    .         Harm     .   (no ring)
rCorr    .         Rampage  .   (no ring)
Will     .....     NoTele   +   (no ring)
Stlth    +++++.....             (no ring)
HPRegen  0.17/turn              (no ring)
MPRegen  0.18/turn              (no ring)
                                (no ring)
                                (no ring)

@: very slightly contaminated
A: almost no armour, amphibious, 8 rings, camouflage 1, gelatinous body 1,
(nimble swimmer 1), tentacles
a: Renounce Religion, Channel Magic, Forget Spell, Divine Exegesis


You were in the Dungeon.
You worshipped Sif Muna.
Sif Muna was extremely pleased with you.
You visited 1 branch You collected 2233 gold pieces.
You spent 90 gold pieces at shops.

Inventory:

Hand Weapons
 c - a +0 dagger
 f - a +1 dagger of speed
 l - a +2 dire flail of protection (weapon)
Scrolls
 e - 2 scrolls of holy word {unknown}
 g - 4 scrolls of identify
 m - a scroll of blinking
Potions
 a - 2 potions of curing
 b - 2 potions of heal wounds
 d - 2 potions of magic
 h - 3 potions of flight
 i - a potion of ambrosia {unknown}
 j - 4 potions of mutation
Miscellaneous
 k - a piece from Xom's chessboard (15/15)


   Skills:
 + Level 1.5 Maces & Flails
 + Level 5.2 Dodging
 - Level 8.4 Stealth
 + Level 10.6 Spellcasting
 + Level 8.7 Conjurations
 + Level 3.1 Hexes
 + Level 12.2 Fire Magic
 + Level 6.4 Earth Magic
 * Level 5.5 Invocations


You had 5 spell levels left.
You knew the following spells:

 Your Spells              Type           Power      Damage    Failure   Level
a - Foxfire               Conj/Fire      100%       2x1d9     1%          1
b - Conjure Flame         Conj/Fire      53%        6-21      1%          3
c - Inner Flame           Hex/Fire       43%        N/A       1%          3
d - Sticky Flame          Conj/Fire      53%        2d7       1%          4
e - Stone Arrow           Conj/Erth      86%        3d12      1%          3
f - Fireball              Conj/Fire      26%        3d12      2%          5
g - Bolt of Magma         Conj/Fire/Erth 24%        4d12      3%          5

Your spell library contained the following spells:

 Spells                   Type           Power      Damage    Failure   Level
 Dazzling Flash           Conj/Hex       72%        N/A       1%          3
 Passwall                 Tmut/Erth      20%        N/A       2%          2
 Slow                     Hex            24%        N/A       2%          2
 Ignite Poison            Fire/Tmut/Pois 28%        N/A       3%          3
 Confusing Touch          Hex            24%        N/A       4%          3
 Leda's Liquefaction      Hex/Erth       15%        N/A       9%          4
 Summon Mana Viper        Hex/Summ       17%        N/A       65%         5
 Yara's Violent Unravell  Hex/Tmut       8%         3d5       65%         5
 Discord                  Hex            12%        N/A       100%        8
 Chain Lightning          Conj/Air       14%        3d19      100%        9
 Shatter                  Erth           19%        3d17*     100%        9


Dungeon Overview and Level Annotations

Branches:
Dungeon (1/1)

Altars:
Cheibriados
Dithmenos
Elyvilon
Fedhas
Gozag
Hepliaklqana
Kikubaaqudgha
Makhleb
Nemelex Xobeh
Okawaru
Qazlal
Ru
Sif Muna
Trog
Uskayaw
Vehumet
Wu Jian
Xom
Yredelemnul
Zin
The Shining One
Beogh
Jiyva
Lugonu

Shops:
D ?


Innate Abilities, Weirdness & Mutations

You cannot wear most types of armour.
You are amphibious.
You can wear up to eight rings at the same time.
Your skin changes colour to match your surroundings (Stealth+).
Your rubbery body absorbs attacks. (AC +1, EV +1)
((You are camouflaged near water. (Stealth+)))
You have tentacles for arms and can constrict up to eight enemies at once.


Message History

The deep elf pyromancer is almost dead.
The fireball engulfs the deep elf knight!
The deep elf knight is severely wounded.
Casting: Fireball (dangerous; 2% risk of failure)
Confirm with . or Enter, or press ? or * to list all spells.
Aiming: Fireball (dangerous; 2% risk of failure)
Press: ? - help, Shift-Dir - straight line, f/p - deep elf pyromancer
Aim: a deep elf pyromancer, wielding a +0 long sword (almost dead)
You miscast Fireball.
You are very lightly contaminated with residual magic.
You are caught in a fiery explosion.
* * * LOW HITPOINT WARNING * * *
The deep elf pyromancer casts a spell at you.
The sticky flame misses you.
The deep elf knight gestures wildly while chanting.
The deep elf knight seems to speed up.
Casting: Fireball (dangerous; 2% risk of failure)
Confirm with . or Enter, or press ? or * to list all spells.
Aiming: Fireball (dangerous; 2% risk of failure)
Press: ? - help, Shift-Dir - straight line, f/p - deep elf pyromancer
Aim: a deep elf pyromancer, wielding a +0 long sword (severely wounded)
The fireball explodes!
The fireball engulfs the deep elf pyromancer!!
You kill the deep elf pyromancer!
Sif Muna accepts your kill.
The fireball engulfs the deep elf knight!
The deep elf knight is almost dead.
You feel less invigorated.
Your Fire Magic skill increases to level 12!
Your Invocations skill increases to level 5!
Okay, then.
Casting: Fireball (dangerous; 2% risk of failure)
Confirm with . or Enter, or press ? or * to list all spells.
Aiming: Stone Arrow (safe; 1% risk of failure)
Press: ? - help, Shift-Dir - straight line, f - deep elf knight
Aim: a deep elf knight, wielding a +0 short sword and wearing a +0 buckler (almost dead, fast, 54% to hit)
The stone arrow misses the deep elf knight.
The deep elf knight gestures at you while chanting.
The lance of force hits you!!
You die...

#########################
#___#__#..∩#..##@§'e#...#
#__.#._#....)....##)#...##≈
#'###'##.)))))..###.#...≈≈≈
.......#..))))...##e#...##≈
..)....#.#..##.#..#.)e..#
######'#..#.#.###########
#__#...#)######
#__#..)#....#.#
#__#...##.#..#


You could see a deep elf knight (fast).

Vanquished Creatures
  3 deep elf pyromancers (D)
  An orc knight (D)
  A shadow (D)
  A spatial vortex (D)
  A necrophage (D)
  3 two-headed ogres (D)
  A water elemental (D)
  A jelly (D)
  2 orc priests (D)
  Jessica (D)
  A necromancer (D)
  2 orc wizards (D)
  A wizard (D)
  3 humans (D)
  A kobold demonologist (D)
  A phantom (D)
  11 orcs (D)
  2 endoplasms (D)
  A rat (D)
38 creatures vanquished.

Vanquished Creatures (others)
  71 foxfires (D)
71 creatures vanquished.

Grand Total: 109 creatures vanquished

Notes
Turn   | Place    | Note
-------+----------+-------------------------------------------
     0 | D        | Conn the Octopode Fire Elementalist began the quest for the
                  | Orb.
     0 | D        | Reached XP level 1. HP: 11/11 MP: 3/3
   350 | D        | Noticed Jessica
   577 | D        | Killed Jessica
   578 | D        | Reached skill level 5 in Fire Magic
   578 | D        | Reached XP level 2. HP: 17/17 MP: 3/6
   578 | D        | Reached XP level 3. HP: 21/21 MP: 3/7
   582 | D        | Learned a level 3 spell: Conjure Flame
   586 | D        | Learned a level 3 spell: Inner Flame
   846 | D        | Noticed a water elemental
   965 | D        | Killed a water elemental
   966 | D        | Reached skill level 7 in Fire Magic
   966 | D        | Reached XP level 4. HP: 27/27 MP: 5/10
  1018 | D        | Learned a level 4 spell: Sticky Flame
  1018 | D        | Found a radiant altar of Vehumet.
  1018 | D        | Found a shimmering blue altar of Sif Muna.
  1018 | D        | Found an ancient bone altar of Kikubaaqudgha.
  1018 | D        | Noticed a wizard
  1027 | D        | Killed a wizard
  1028 | D        | Reached skill level 5 in Stealth
  1028 | D        | Reached XP level 5. HP: 31/31 MP: 6/12
  1033 | D        | Reached skill level 5 in Spellcasting
  1207 | D        | Became a worshipper of Sif Muna the Loreminder
  1223 | D        | Learned a level 3 spell: Stone Arrow
  1223 | D        | Found a basalt altar of Yredelemnul.
  1223 | D        | Found a shadowy altar of Dithmenos.
  1223 | D        | Found a sacrificial altar of Ru.
  1223 | D        | Noticed a necrophage
  1223 | D        | HP: 1/28 [necromancer/bolt of negative energy (27)]
  1552 | D        | Reached skill level 1 in Earth Magic
  1557 | D        | Killed a necrophage
  1558 | D        | Reached skill level 8 in Fire Magic
  1558 | D        | Reached XP level 6. HP: 20/36 MP: 6/14
  1704 | D        | Found a glowing silver altar of Zin.
  1704 | D        | Found a glowing golden altar of the Shining One.
  1704 | D        | Found a white marble altar of Elyvilon.
  1705 | D        | Noticed a deep elf pyromancer
  1712 | D        | Killed a deep elf pyromancer
  1712 | D        | Reached * piety under Sif Muna
  1713 | D        | Reached skill level 5 in Conjurations
  1713 | D        | Reached skill level 1 in Hexes
  1713 | D        | Reached skill level 10 in Fire Magic
  1713 | D        | Reached skill level 5 in Earth Magic
  1713 | D        | Reached XP level 7. HP: 31/41 MP: 7/18
  1797 | D        | Learned a level 5 spell: Fireball
  1814 | D        | Found a hide-covered altar of Uskayaw.
  1814 | D        | Found an iron altar of Okawaru.
  1814 | D        | Found a bloodstained altar of Trog.
  1814 | D        | Found an ornate altar of the Wu Jian Council.
  1814 | D        | Noticed a human
  1815 | D        | Noticed a human
  1822 | D        | Killed a human
  1824 | D        | Killed a human
  1825 | D        | Reached XP level 8. HP: 35/46 MP: 3/20
  1922 | D        | Noticed a shadow
  1926 | D        | Killed a shadow
  1926 | D        | Reached ** piety under Sif Muna
  2009 | D        | Found a blossoming altar of Fedhas.
  2009 | D        | Found a stormy altar of Qazlal.
  2010 | D        | Found a snail-covered altar of Cheibriados.
  2010 | D        | Found a burning altar of Makhleb.
  2010 | D        | Found a hazy altar of Hepliaklqana.
  2010 | D        | Found a shimmering altar of Xom.
  2010 | D        | Found an opulent altar of Gozag.
  2010 | D        | Found a sparkling altar of Nemelex Xobeh.
  2010 | D        | Found a corrupted altar of Lugonu.
  2010 | D        | Found a viscous altar of Jiyva.
  2023 | D        | Reached skill level 11 in Fire Magic
  2087 | D        | Reached *** piety under Sif Muna
  2119 | D        | Reached skill level 1 in Invocations
  2281 | D        | Found Adovauk's Magic Scroll Emporium.
  2281 | D        | Noticed an orc knight
  2282 | D        | Reached **** piety under Sif Muna
  2283 | D        | Reached ***** piety under Sif Muna
  2283 | D        | Received a gift from Sif Muna
  2339 | D        | Killed an orc knight
  2340 | D        | Reached XP level 9. HP: 29/51 MP: 0/22
  2536 | D        | Received a gift from Sif Muna
  2537 | D        | Reached skill level 10 in Spellcasting
  2538 | D        | Got Sif Muna's Handbook of the Oath {god gift}
  2540 | D        | Got Sif Muna's Handbook of Harmful Transmutation {god gift}
  2547 | D        | Learned a level 5 spell: Bolt of Magma
  2587 | D        | Bought a scroll of blinking for 90 gold pieces
  2594 | D        | Noticed a deep elf pyromancer
  2594 | D        | Noticed a deep elf pyromancer
  2594 | D        | Noticed a deep elf knight
  2594 | D        | Noticed a deep elf knight
  2594 | D        | Noticed a deep elf knight
  2827 | D        | Killed a deep elf pyromancer
  2828 | D        | Reached skill level 1 in Maces & Flails
  2828 | D        | Reached skill level 5 in Dodging
  2836 | D        | Killed a deep elf pyromancer
  2837 | D        | Reached skill level 12 in Fire Magic
  2837 | D        | Reached skill level 5 in Invocations
  2837 | D        | Killed from afar by a deep elf knight

Illustrated notes

Levels and vault maps discovered:
D:        dungeon_sprint_mu [sprint_mu_entry_cave, sprint_mu_temple_rooms,
          sprint_mu_d1_spiders, sprint_mu_d2_genie, sprint_mu_d3_branching,
          sprint_mu_orc_legion, sprint_mu_elf_gauntlet, sprint_mu_hive_nellie,
          sprint_mu_lair_fedhas, sprint_mu_vaults_butterflies,
          sprint_mu_slime_circle, sprint_mu_shoals_archi,
          sprint_mu_snake_twists, sprint_mu_blade_basic, sprint_mu_crypt_lich,
          sprint_mu_tomb_spiral, sprint_mu_vestibule_basic,
          sprint_mu_gehenna_hellfire, sprint_mu_dis_giant,
          sprint_mu_tartarus_statrot, sprint_mu_cocytus_islands, sprint_mu_zot1]

Skill      XL: |  1  2  3  4  5  6  7  8  9 |
---------------+----------------------------+-----
Dodging        | 3 4 5 |  5.2
Stealth        | 3 4 5 7 8 |  8.4
Spellcasting   | 3 4 5 7 8 9 10 | 10.6
Fire Magic     | 5 7 8 10 11 12 | 12.2
Conjurations   | 2 4 5 6 7 8 |  8.7
Earth Magic    | 2 5 6 |  6.4
Hexes          | 1 2 3 |  3.1
Invocations    | 3 5 |  5.5
Maces & Flails | 1 |  1.5

Action                   |  1- 3 |  4- 6 |  7- 9 || total
-------------------------+-------+-------+-------++-------
Melee: Unarmed           |    12 |       |       ||    12
       Tentacles         |     3 |       |       ||     3
       Constrict         |     1 |       |       ||     1
       Dagger            |       |     1 |       ||     1
       Dire flail        |       |       |     3 ||     3
 Cast: Foxfire           |    22 |    15 |     6 ||    43
       Conjure Flame     |     2 |     2 |     3 ||     7
       Inner Flame       |       |     2 |     2 ||     4
       Stone Arrow       |       |     1 |     8 ||     9
       Fireball          |       |       |    13 ||    13
       Sticky Flame      |       |       |     6 ||     6
Invok: Channel Magic     |       |       |     1 ||     1
  Use: Potion            |     2 |       |     1 ||     3
       Scroll            |       |     1 |       ||     1
 Stab: Sleeping          |       |     1 |       ||     1
Armor: Skin              |       |       |     3 ||     3
Dodge: Dodged            |    10 |     1 |    11 ||    22

Table legend: (Time is in decaauts)
 A = Elapsed time spent in this place.
 B = Non-inter-level travel time spent in this place.
 C = Inter-level travel time spent in this place.
 D = Time resting spent in this place.
 E = Time spent auto-exploring this place.
 F = Levels seen in this place.
 G = Mean time per level.
                   A        B        C        D        E       F      G
               +--------+--------+--------+--------+--------+-----+--------+
         Total |   2820 |   2820 |      0 |   1586 |    490 |   1 | 2820.0 |
       Dungeon |   2820 |   2820 |      0 |   1586 |    490 |   1 | 2820.0 |
               +--------+--------+--------+--------+--------+-----+--------+

Top non-repeatable levels by time:
       D: 2820 daAuts
